[Event "46th OKU-B 2019"]
[Site "Utrecht"]
[Date "2019.06.01"]
[Round "3.4"]
[White "De Vroome, Ernest"]
[Black "Van Aken, Jelmer"]
[Result "0-1"]
[ECO "B87"]
[WhiteElo "1893"]
[BlackElo "1698"]
[Annotator "NA"]
[PlyCount "84"]
[EventDate "2019.05.31"]
[EventType "swiss"]
[EventCountry "NED"]
[SourceTitle "playchess.com"]
[Source "ChessBase"]
[SourceQuality "1"]
[TimeControl "6600+10"]

1. e4 c5 2. Nf3 d6 3. d4 cxd4 4. Nxd4 Nf6 5. Nc3 a6 6. Bc4 e6 7. Be3 b5 8. Bb3 Bb7 9. f3 Nbd7 10. a3 Rc8 11. Qd2 Nb6 12. O-O Qc7 13. Rad1 d5 14. exd5 Nfxd5 15. Ne4 Be7 16. Bf2 O-O 17. Bg3 Qd7 18. Rfe1 Rfd8 19. c3 Nf6 20. Ng5 Bd5 21. Qe2 Nh5 22. Ndxe6 fxe6 23. Nxe6 Nxg3 24. hxg3 Re8 25. Bxd5 Nxd5 26. Qe5 Qa7+ 27. Kh1 Nf6 28. g4 Bf8 29. g5 Nd7 30. Qd5 Nb6 31. Qf5 Qf7 32. g4 Nc4 33. Re2 Nxb2 34. Qxf7+ Kxf7 35. g6+ Kg8 36. gxh7+ Kh8 37. Rde1 Bxa3 38. f4 Nd3 39. Rf1 Rxc3 40. f5 Nc5 41. Rd1 Nxe6 42. fxe6 Rc6 0-1

[Event "46th OKU-B 2019"]
[Site "Utrecht"]
[Date "2019.06.01"]
[Round "3.5"]
[White "Krouwel, Robert"]
[Black "Van den Belt, Peter"]
[Result "1-0"]
[ECO "D79"]
[WhiteElo "1841"]
[BlackElo "1737"]
[Annotator "NA"]
[PlyCount "71"]
[EventDate "2019.05.31"]
[EventType "swiss"]
[EventCountry "NED"]
[SourceTitle "playchess.com"]
[Source "ChessBase"]
[SourceQuality "1"]
[TimeControl "6600+10"]

1. d4 d5 2. Nf3 Nf6 3. g3 g6 4. Bg2 Bg7 5. O-O O-O 6. c4 c6 7. Nc3 e6 8. cxd5 cxd5 9. Ne5 a6 10. f4 Nc6 11. Nxc6 bxc6 12. Na4 a5 13. b3 Nd7 14. Ba3 Re8 15. Rc1 Nb8 16. Bc5 Na6 17. Bb6 Qf6 18. e3 Nb8 19. Bc7 Ba6 20. Rf2 Bb5 21. Nc5 Qe7 22. Bxb8 Rexb8 23. Bf1 g5 24. Bxb5 cxb5 25. f5 exf5 26. Qf3 f4 27. gxf4 gxf4 28. Qxf4 Rb6 29. Rg2 Rf6 30. Qg5 Rf1+ 31. Rxf1 Qxg5 32. Rxg5 Re8 33. Rg3 Kf8 34. Nd7+ Ke7 35. Rxg7 Kxd7 36. Rfxf7+ 1-0

[Event "46th OKU-B 2019"]
[Site "Utrecht"]
[Date "2019.06.01"]
[Round "3.6"]
[White "Gevorkjan, Lewon"]
[Black "Klein, Jorik"]
[Result "1/2-1/2"]
[ECO "E90"]
[WhiteElo "1807"]
[BlackElo "1839"]
[Annotator "NA"]
[PlyCount "80"]
[EventDate "2019.05.31"]
[EventType "swiss"]
[EventCountry "NED"]
[SourceTitle "playchess.com"]
[Source "ChessBase"]
[SourceQuality "1"]
[TimeControl "6600+10"]

1. Nf3 Nf6 2. d4 g6 3. c4 Bg7 4. Nc3 O-O 5. e4 d6 6. h3 c5 7. dxc5 dxc5 8. Be3 b6 9. Qc2 Nc6 10. Rd1 Qc7 11. a3 e5 12. Nd5 Qb8 13. Bd3 Nd4 14. Nxd4 cxd4 15. Bd2 Nxd5 16. cxd5 a5 17. O-O Bd7 18. Rc1 Rc8 19. Qb1 Qb7 20. Rxc8+ Rxc8 21. Rc1 Bf8 22. f4 f6 23. fxe5 fxe5 24. Rf1 Be8 25. Qe1 Rc7 26. Qg3 Bg7 27. Qg4 Qc8 28. Qh4 Qd7 29. Bg5 Qd6 30. Rf3 b5 31. Kh2 b4 32. axb4 axb4 33. Bf6 Rf7 34. Bxg7 Rxf3 35. gxf3 Kxg7 36. Kg2 Qc7 37. Qe1 Qc5 38. Qg3 Qd6 39. Qe1 Qc5 40. Qe2 Qc1 1/2-1/2

[Event "46th OKU-B 2019"]
[Site "Utrecht"]
[Date "2019.06.01"]
[Round "3.7"]
[White "Manschot, Thomas"]
[Black "Shadrin, Mitia"]
[Result "1-0"]
[ECO "A58"]
[WhiteElo "1803"]
[BlackElo "1709"]
[Annotator "NA"]
[PlyCount "61"]
[EventDate "2019.05.31"]
[EventType "swiss"]
[EventCountry "NED"]
[SourceTitle "playchess.com"]
[Source "ChessBase"]
[SourceQuality "1"]
[TimeControl "6600+10"]

1. d4 Nf6 2. c4 c5 3. d5 b5 4. cxb5 a6 5. bxa6 Bxa6 6. Nc3 g6 7. g3 d6 8. Nf3 Bg7 9. Bg2 Nbd7 10. h3 Nb6 11. Rb1 Bc4 12. b3 Bxd5 13. O-O O-O 14. Bb2 Bb7 15. Qc2 Nbd5 16. Nxd5 Bxd5 17. Bxf6 Bxf6 18. Rfd1 Be6 19. Nd2 Ra6 20. Ne4 Bg7 21. Nxc5 Qc7 22. Qd3 Rxa2 23. Nxe6 fxe6 24. Qe3 e5 25. b4 Qc2 26. Bd5+ Kh8 27. Bxa2 Qxa2 28. b5 d5 29. Qd2 Qa7 30. b6 Qa6 31. Qd3 1-0

[Event "46th OKU-B 2019"]
[Site "Utrecht"]
[Date "2019.06.01"]
[Round "3.8"]
[White "Molanus, Lennart"]
[Black "Rookus, Sjoerd"]
[Result "0-1"]
[ECO "A56"]
[WhiteElo "1631"]
[BlackElo "1815"]
[Annotator "NA"]
[PlyCount "56"]
[EventDate "2019.05.31"]
[EventType "swiss"]
[EventCountry "NED"]
[SourceTitle "playchess.com"]
[Source "ChessBase"]
[SourceQuality "1"]
[TimeControl "6600+10"]

1. d4 Nf6 2. c4 c5 3. d5 e5 4. Nc3 d6 5. e4 Nbd7 6. g3 Be7 7. Bg2 Nf8 8. Nf3 Ng6 9. a3 O-O 10. b4 b6 11. O-O h6 12. b5 Nh7 13. a4 Ng5 14. Nxg5 Bxg5 15. Bb2 f5 16. a5 Bd7 17. axb6 axb6 18. Rxa8 Qxa8 19. Qa1 f4 20. f3 fxg3 21. hxg3 Be3+ 22. Kh2 Qd8 23. Ne2 Qg5 24. g4 Qh4+ 25. Bh3 Nf4 26. Nxf4 Bxf4+ 27. Kg2 Qg3+ 28. Kh1 Qh2# 0-1

[Event "46th OKU-B 2019"]
[Site "Utrecht"]
[Date "2019.06.01"]
[Round "4.1"]
[White "Flohr, Ron"]
[Black "Van Aken, Jelmer"]
[Result "1-0"]
[ECO "A45"]
[WhiteElo "1883"]
[BlackElo "1698"]
[Annotator "NA RC"]
[PlyCount "99"]
[EventDate "2019.05.31"]
[EventType "swiss"]
[EventCountry "NED"]
[SourceTitle "playchess.com"]
[Source "ChessBase"]
[SourceQuality "1"]
[TimeControl "6600+10"]

1. d4 Nf6 2. Bg5 e6 3. Nd2 Be7 4. e4 c5 5. dxc5 Qa5 6. c3 Qxc5 7. Be3 Qc7 8. f4 b6 9. Qf3 Bb7 10. Bd3 O-O 11. Qh3 d6 12. Ngf3 Nbd7 13. g4 e5 $2 (13... d5 $11 {and Black is okay.} 14. e5 Ne4) 14. g5 Ne8 15. Nh4 Nc5 16. Bc2 d5 17. exd5 g6 18. f5 Bxd5 19. Rf1 ({Better is} 19. O-O $16) 19... Nd6 (19... Rd8 $1 $14) 20. f6 Bd8 21. Bxc5 Qxc5 ({Black should try} 21... bxc5 $14 22. Ng2 Kh8) 22. O-O-O Bxa2 $2 {[%emt 0:04:34] [#]} (22... Be6 $16 23. Qf3 Bc7) 23. Ne4 (23. Nb3 $1 $18 {[%cal Rb3c5] and the rest is easy.} Qc7 24. Ng2) 23... Nxe4 24. Bxe4 Be6 {[%emt 0:01:16] [#]} (24... Rc8 $16 {keeps fighting.}) 25. Nf5 $1 Bxf5 26. Rxf5 h5 $2 (26... Rc8 27. Rf3 h5) 27. Bxa8 gxf5 {[%emt 0:00:36] [#]} 28. Qxf5 $2 (28. Bd5 $1 Qa5 29. Qxf5 Qa1+ {[#]} 30. Kc2 $1 Qa4+ 31. Bb3 $1 Kh8 32. Bxa4 b5 33. g6) 28... Qe3+ 29. Rd2 $2 (29. Kc2 $18 Qe2+ 30. Rd2) 29... Qf4 $2 (29... Bxf6 $1 $11 30. Kc2 Bxg5) 30. Be4 Qxf5 31. Bxf5 Bc7 (31... e4 {is a better defense.} 32. Rd7 (32. Bxe4 Bc7 $18) 32... b5 33. Bxe4 Bb6) 32. Rd7 Bb8 33. Kd1 e4 34. Ke2 Bf4 35. h4 Bg3 36. Ke3 Bxh4 37. Kf4 e3 38. Re7 Bf2 39. g6 fxg6 40. Be6+ Kh8 41. Kg5 $1 {[%emt 0:00:13] [#]} Rxf6 $11 {[%emt 0:01:27] Promotion} 42. Re8+ Kg7 $2 (42... Kh7 $11) 43. Rg8+ Kh7 44. Kxf6 Bh4+ 45. Kf7 e2 46. Rg7+ Kh6 47. Rxg6+ Kh7 48. Bf5 e1=Q 49. Re6+ Kh8 50. Rh6# 1-0

[Event "46th OKU-B 2019"]
[Site "Utrecht"]
[Date "2019.06.01"]
[Round "4.2"]
[White "Aguado Garcia, Pablo"]
[Black "Van de Lagemaat, Arend"]
[Result "1/2-1/2"]
[ECO "B22"]
[WhiteElo "1890"]
[BlackElo "1855"]
[Annotator "NA RC"]
[PlyCount "153"]
[EventDate "2019.05.31"]
[EventType "swiss"]
[EventCountry "NED"]
[SourceTitle "playchess.com"]
[Source "ChessBase"]
[SourceQuality "1"]
[TimeControl "6600+10"]

1. e4 c5 2. c3 d5 3. exd5 Qxd5 4. d4 Nc6 5. Nf3 cxd4 6. cxd4 Bg4 7. Be2 e6 8. O-O Nf6 9. Nc3 Qd8 10. Qb3 {[%emt 0:15:37] B22: Sicilian: 2 c3} (10. h3 Bh5 11. Be3 Be7 12. Qb3 O-O 13. Qxb7 Nb4 14. Bf4 Nfd5 15. Nxd5 Nxd5 16. Be5 f6 17. Bh2 Bd6 18. Qc6 Bxh2+ 19. Nxh2 Bf7 20. Rac1 {1-0 (82) Shuvalova,P (2385)-Kovalevskaya,E (2405) St Petersburg 2017}) 10... Rb8 11. Rd1 Nd5 12. Nxd5 exd5 13. Bf4 Bd6 14. Qxd5 Bxf4 15. Qe4+ Qe7 16. Qxf4 O-O 17. Bb5 $146 ({Predecessor:} 17. Qxg4 Qxe2 {1-0 (51) Dietzen,C (1982)-Beltz,M (1979) Germany 2017}) 17... Bxf3 18. Qxf3 Rbc8 19. d5 Ne5 20. Qe3 a6 21. Ba4 Qd6 22. Rac1 Nc4 23. Qd4 b5 24. Bc2 g6 25. Be4 Rfe8 26. Bf3 (26. g3 $142) 26... Ne5 27. Be2 Red8 28. Rxc8 Rxc8 29. Bd3 h5 30. Be4 $2 (30. a3 $16 {keeps the pressure on.}) 30... Rc7 $2 (30... Rc4 $19 31. Qe3 {[#]} Ng4 $1 {[%mdl 576] Double Attack, Discovered Attack}) 31. g3 Rc4 32. Qe3 Ng4 33. Qe2 Nf6 34. Bg2 Rc5 35. Qe3 Rc2 36. Qd4 Ng4 {[%emt 0:02:24] [#]} 37. Rd2 ({White should play} 37. h3 $1 $16 Nf6 38. a3) 37... Rc1+ {[%emt 0:00:34] [#]} (37... Rc4 $1 $11 38. Qd3 Rc1+ 39. Bf1 Ne5) 38. Bf1 $1 Nxh2 39. Kxh2 Rxf1 {[%emt 0:00:12] [#]} 40. Kg2 $2 (40. Rc2 $1 $18 Qd7 41. Rc6) 40... Rc1 41. Qe4 Rc5 42. a3 Rc8 43. b4 Rd8 44. Rd3 Rc8 45. Re3 Rd8 46. Rc3 Qxd5 47. Qxd5 Rxd5 48. Rc6 a5 49. bxa5 Rd3 50. a4 Ra3 51. Rc8+ Kg7 52. axb5 Rxa5 53. Rb8 Ra3 54. Kh3 Rf3 55. Kg2 Rb3 56. Kf1 g5 57. Ke2 h4 58. gxh4 gxh4 59. Kf1 h3 60. Kg1 Rb2 61. b6 h2+ 62. Kxh2 Rxf2+ 63. Kg3 Rb2 64. Kf4 Rb5 65. Ke4 Kf6 66. Kd4 Kf5 67. Kc4 Rb1 68. Kd5 Kf4 69. Kc6 f5 70. Ra8 Kg3 71. Ra5 Rxb6+ 72. Kxb6 f4 73. Kc5 f3 74. Kd4 f2 75. Rf5 Kg2 76. Rxf2+ Kxf2 $11 77. Ke4 {[%emt 0:00:03] Ke3+ [%emt 00:00:02]} 1/2-1/2

[Event "46th OKU-B 2019"]
[Site "Utrecht"]
[Date "2019.06.01"]
[Round "4.3"]
[White "Kraaijpoel, Dirk"]
[Black "Scholten, Marcel"]
[Result "1/2-1/2"]
[ECO "E02"]
[WhiteElo "1846"]
[BlackElo "1747"]
[Annotator "NA RC"]
[PlyCount "80"]
[EventDate "2019.05.31"]
[EventType "swiss"]
[EventCountry "NED"]
[SourceTitle "playchess.com"]
[Source "ChessBase"]
[SourceQuality "1"]
[TimeControl "6600+10"]

1. d4 d5 2. c4 e6 3. Nf3 Nf6 4. g3 c6 5. Bg2 Nbd7 6. Qc2 dxc4 7. Qxc4 Nb6 {[%emt 0:00:24] E02: Open Catalan: 5 Qa4+} (7... Bd6 8. O-O O-O 9. Nc3 e5 10. Bg5 h6 11. Ne4 Be7 12. dxe5 hxg5 13. exf6 Bxf6 14. Rad1 Qe7 15. Nxf6+ Qxf6 16. Qc1 g4 17. Ng5 {½-½ (34) Xu,J (2527)-Wen,Y (2614) Xinghua 2016}) 8. Qc2 Nbd5 9. Nc3 Be7 10. O-O O-O $146 ({Predecessor:} 10... Bd7 11. e4 Nb6 12. Bf4 Nh5 13. Be3 {0-1 (63) Nemec,F-Hanus,P Czechia 1999}) 11. e4 Nb4 12. Qb3 c5 13. Rd1 cxd4 14. Nxd4 Qa5 15. a3 e5 ({Black should play} 15... Nc6) 16. Ndb5 (16. Nf5 $16 Nc6 17. Nxe7+ Nxe7 18. Be3) 16... Be6 17. Nd5 Nc6 (17... Nbxd5 $11 18. exd5 Bg4) 18. Be3 a6 (18... Ng4 $14) 19. Nbc3 b5 {[%emt 0:05:54] [#]} (19... Bxd5 $16 {was necessary.} 20. exd5 (20. Nxd5 Nxd5 21. Rxd5 Qc7 $16) 20... Nd4 21. Qxb7 (21. Bxd4 exd4 22. Rxd4 Bc5 $16) 21... Bd6) 20. Qc2 $1 Nd7 {[%emt 0:01:56] [#]} (20... Bxd5 {is a better defense.} 21. b4 (21. Nxd5 Nxd5 22. exd5 Nd4 $16) (21. exd5 Nd4 $18) (21. Rxd5 Qc7 $16) 21... Bb3 22. Qxb3 (22. bxa5 $2 {perishes.} Bxc2 23. Rd2 Bb3 $19) 22... Qc7) 21. Bb6 $1 Nxb6 22. Nxe7+ Nxe7 23. b4 Qa4 24. Nxa4 Nxa4 25. Qc7 Ng6 26. Rac1 (26. Rd6 $142) 26... Nb2 27. Qd6 Nxd1 28. Rxd1 $18 ({But not} 28. Qxd1 Rfd8 $16) 28... Rfc8 29. f4 exf4 30. gxf4 Bg4 31. Rd2 Rc3 32. Rd3 Rxd3 33. Qxd3 Nxf4 34. Qd6 Nxg2 35. Kxg2 Be6 36. Qc6 Rb8 37. Qxa6 h6 38. a4 bxa4 39. Qxa4 Bc4 40. Qc6 Rxb4 1/2-1/2

[Event "46th OKU-B 2019"]
[Site "Utrecht"]
[Date "2019.06.01"]
[Round "4.4"]
[White "Lutz, Chris"]
[Black "Smit, Ron"]
[Result "1-0"]
[ECO "C03"]
[WhiteElo "1800"]
[BlackElo "1767"]
[Annotator "NA RC"]
[PlyCount "59"]
[EventDate "2019.05.31"]
[EventType "swiss"]
[EventCountry "NED"]
[SourceTitle "playchess.com"]
[Source "ChessBase"]
[SourceQuality "1"]
[TimeControl "6600+10"]

1. e4 e6 2. d4 d5 3. Nd2 b6 4. Ngf3 Bb7 5. Bd3 Be7 (5... Nf6 6. exd5 Nxd5 7. O-O Be7 8. Be4 c6 9. c4 Nf6 10. Bc2 c5 11. dxc5 Bxc5 12. Qe2 Nbd7 13. b3 O-O {0-1 (38) Grigoriants,S (2576)-Nakamura,H (2786) chess.com INT 2017}) 6. O-O {[%emt 0:00:22] C03: French Tarrasch: Unusual Black 3rd moves} Nd7 7. Re1 Ngf6 $146 {[%emt 0:03:29] [#]} ({Predecessor:} 7... dxe4 8. Nxe4 Ngf6 9. Qe2 h6 10. Bd2 Nxe4 11. Bxe4 Bxe4 {½-½ (11) Kalmar,K (1998)-Sumegi,M (2046) Hungary 2011}) 8. e5 $1 Nh5 9. Nf1 g6 10. Bh6 Rg8 11. Qd2 c5 12. c3 a5 13. g4 Ng7 14. Ng5 $2 (14. Rad1 $18) 14... Bxg5 $2 (14... Nf5 $11) 15. Bxg5 f6 16. exf6 Nxf6 17. Qf4 Rf8 18. Bb5+ Ke7 $2 (18... Kf7 $16 19. Re3 Kg8) 19. Re3 Bc8 20. Rf3 Nf5 21. gxf5 gxf5 22. Ng3 Bd7 23. Bd3 h6 24. Bxh6 Rh8 $18 25. Bg5 Qg8 26. h4 Rf8 27. Qe5 Qg6 28. Nxf5+ Kd8 29. Qb8+ Bc8 30. Qxc8+ 1-0

[Event "46th OKU-B 2019"]
[Site "Utrecht"]
[Date "2019.06.01"]
[Round "4.5"]
[White "De Dreu, Dies"]
[Black "Cheng, Di"]
[Result "1-0"]
[ECO "A46"]
[WhiteElo "1761"]
[BlackElo "1391"]
[Annotator "NA RC"]
[PlyCount "73"]
[EventDate "2019.05.31"]
[EventType "swiss"]
[EventCountry "NED"]
[SourceTitle "playchess.com"]
[Source "ChessBase"]
[SourceQuality "1"]
[TimeControl "6600+10"]

1. d4 Nf6 2. Nf3 e6 3. Bg5 h6 4. Bh4 d5 5. Nbd2 c5 6. e3 c4 7. Be2 Be7 8. O-O O-O 9. c3 b5 10. Ne5 Bb7 11. Qc2 Nbd7 12. Nxd7 Qxd7 13. Bf3 Rfe8 14. Rfe1 g5 15. Bg3 Bd6 16. Bxd6 Qxd6 17. e4 e5 18. dxe5 Rxe5 19. exd5 Bxd5 20. Bxd5 Rxd5 21. Nf3 Rd8 22. Nd4 Ng4 23. g3 Ne5 24. Re3 Nd3 25. Qe2 a6 26. b3 Qg6 27. a4 Nc5 28. bxc4 bxc4 29. Qxc4 Ne4 30. Nc6 Rd1+ 31. Rxd1 Rxd1+ 32. Kg2 Nd2 33. Ne7+ Kh7 34. Qc8 Qg7 35. Qf5+ Kh8 36. Rd3 Qf8 37. Ng6+ 1-0

[Event "46th OKU-B 2019"]
[Site "Utrecht"]
[Date "2019.06.01"]
[Round "4.6"]
[White "Neisingh, Nils"]
[Black "Gevorkjan, Lewon"]
[Result "1-0"]
[ECO "B32"]
[WhiteElo "1710"]
[BlackElo "1807"]
[Annotator "NA RC"]
[PlyCount "137"]
[EventDate "2019.05.31"]
[EventType "swiss"]
[EventCountry "NED"]
[SourceTitle "playchess.com"]
[Source "ChessBase"]
[SourceQuality "1"]
[TimeControl "6600+10"]

1. e4 c5 2. Nf3 Nc6 3. d4 cxd4 4. Nxd4 Qb6 5. Nb3 d6 (5... Nf6 6. Nc3 e6 7. Bd3 d6 8. f4 a6 9. Qe2 Qc7 10. O-O Be7 11. Bd2 b5 12. a4 b4 13. Nd1 O-O 14. Nf2 e5 15. f5 Rd8 16. Bg5 Bb7 17. Rae1 d5 18. Bxf6 Bxf6 {1-0 (53) Najer,E (2663)-Korobov,A (2694) Czech Republic 2018}) 6. Bd3 {[%emt 0:00:30] B32: Sicilian: Löwenthal and Kalashnikov Variations} g6 7. O-O Bg7 8. Kh1 $146 ({Predecessor:} 8. c4 Nf6 9. Be3 Qc7 10. Nc3 a6 11. Rc1 e6 12. Na4 Nd7 13. Qd2 {1-0 (46) Ruszin,T (2092)-Szalay,I (1734) Hungary 2003}) 8... Nf6 9. f4 O-O 10. Qe1 Qc7 11. N1d2 a6 12. Nf3 b5 13. a3 Nd7 14. Qh4 Nb6 15. f5 Ne5 16. Bh6 Nxf3 17. Rxf3 Bf6 18. Bg5 Bxg5 19. Qxg5 f6 20. Qh6 Rf7 21. fxg6 hxg6 22. Qxg6+ Kf8 23. Rg3 e5 24. Qg8+ Ke7 25. Rg7 Be6 26. Rxf7+ Bxf7 27. Qh7 Nd7 (27... Nc4 $14) 28. Rf1 Rg8 29. Nd2 Rg6 30. Nf3 Nf8 31. Qh8 Rg8 32. Qh6 Rg6 33. Qd2 Be6 34. Nh4 Rg5 35. Qb4 Ng6 36. Nxg6+ Rxg6 37. a4 Bd7 38. axb5 axb5 39. Qb3 ({Better is} 39. h3) 39... Qb7 40. c4 b4 41. Qc2 (41. Qd1 $16) 41... Qc6 (41... Qa7 $14) 42. b3 (42. Qf2 $18 {and White stays clearly on top.}) 42... Qb6 43. Qf2 Qa5 $2 (43... Qd4 $14 44. Bc2 Qxf2 45. Rxf2 Rg8) 44. Qh4 Be6 45. Qf2 $2 (45. Qh7+ $18 Bf7 46. c5) 45... Qa3 $1 $11 {[%emt 0:01:31] [#]} 46. Qc2 $2 (46. c5 $1 $18) 46... Qa7 47. Qf2 (47. Qd2 $16) 47... Qa5 $18 48. Be2 Qc7 (48... Qa2 {was worth a try.} 49. h4 Rh6) 49. Qe3 Rg5 50. h4 Rg8 51. Qh6 Qc8 52. Qxf6+ Kd7 53. h5 Kc6 54. c5 dxc5 55. Qxe5 Re8 56. Rf6 Qd7 57. Bc4 Kb7 58. Rxe6 Rxe6 59. Bxe6 Qd1+ 60. Kh2 c4 61. Bd5+ Kc8 62. Bxc4 Qe1 63. Qe8+ Kc7 64. Qe7+ Kc6 65. Qe6+ Kc7 66. Qe7+ Kc6 67. h6 Qf2 68. Qe6+ Kc7 69. Qf7+ 1-0

[Event "46th OKU-B 2019"]
[Site "Utrecht"]
[Date "2019.06.01"]
[Round "4.7"]
[White "Van Nie, Pjotr"]
[Black "Heinen, Frank"]
[Result "1-0"]
[ECO "D92"]
[WhiteElo "1487"]
[BlackElo "1768"]
[Annotator "NA RC"]
[PlyCount "55"]
[EventDate "2019.05.31"]
[EventType "swiss"]
[EventCountry "NED"]
[SourceTitle "playchess.com"]
[Source "ChessBase"]
[SourceQuality "1"]
[TimeControl "6600+10"]

1. d4 d5 2. Bf4 Nf6 3. e3 g6 4. Nf3 Bg7 5. c4 c6 6. Nc3 e6 7. h3 O-O 8. Bd3 dxc4 9. Bxc4 Nd5 10. Nxd5 exd5 11. Bd3 c5 12. dxc5 Bxb2 13. Rb1 Qa5+ 14. Nd2 Bc3 15. Qc2 Qxc5 16. Rb5 Qc6 17. O-O Bf5 18. Rfb1 Bxd2 19. Qxd2 Be6 20. Rxb7 Nd7 21. Rc7 Qa4 22. Bb5 Qe4 23. Rb4 Qf5 24. g4 Qf6 25. Bxd7 g5 26. Bg3 h5 27. Qd4 Qe7 28. Bc6 1-0

[Event "46th OKU-B 2019"]
[Site "Utrecht"]
[Date "2019.06.02"]
[Round "5.1"]
[White "Van de Lagemaat, Arend"]
[Black "Flohr, Ron"]
[Result "1/2-1/2"]
[ECO "B12"]
[WhiteElo "1855"]
[BlackElo "1883"]
[Annotator "NA"]
[PlyCount "68"]
[EventDate "2019.05.31"]
[EventType "swiss"]
[EventCountry "NED"]
[SourceTitle "playchess.com"]
[Source "ChessBase"]
[SourceQuality "1"]
[TimeControl "6600+10"]

1. e4 d6 2. d4 Nd7 3. Nc3 c6 4. Nf3 Qa5 5. a4 h6 6. Be3 g5 (6... Ngf6 $142) 7. h3 Bg7 8. Qd2 Nf8 9. Be2 Ng6 10. Rb1 Qc7 11. b4 Nf6 12. b5 g4 13. Ng1 Nh4 14. Kf1 gxh3 15. Nxh3 Ng6 16. g3 Ng4 17. Bxg4 Bxg4 18. Kg2 e5 19. f3 Bd7 20. Nf2 h5 21. dxe5 Nxe5 22. Bf4 Nc4 23. Qd3 Be6 24. Ncd1 Be5 25. Bxe5 dxe5 26. Ne3 Nxe3+ 27. Qxe3 f6 28. Qc5 Kf7 29. bxc6 bxc6 30. a5 Kg6 $16 31. Rhd1 Rad8 32. a6 Bc8 33. Qc4 h4 34. g4 Rd4 1/2-1/2

[Event "46th OKU-B 2019"]
[Site "Utrecht"]
[Date "2019.06.02"]
[Round "5.2"]
[White "De Dreu, Dies"]
[Black "Aguado Garcia, Pablo"]
[Result "1-0"]
[ECO "D15"]
[WhiteElo "1761"]
[BlackElo "1890"]
[Annotator "NA"]
[PlyCount "61"]
[EventDate "2019.05.31"]
[EventType "swiss"]
[EventCountry "NED"]
[SourceTitle "playchess.com"]
[Source "ChessBase"]
[SourceQuality "1"]
[TimeControl "6600+10"]

1. d4 Nf6 2. Nf3 d5 3. c4 c6 4. Nc3 dxc4 5. e3 b5 6. a4 Bd7 {[%emt 0:08:54] D15: Slav Defence: 4 Nc3 a6 and gambit lines after 4 Nc3 dxc4} (6... b4 7. Na2 e6 8. Bxc4 Nbd7 9. O-O Bd6 10. b3 Bb7 11. Bb2 O-O 12. Nc1 c5 13. Nd3 a5 14. Rc1 Rc8 15. Qe2 cxd4 16. Nxd4 Nc5 17. Nxc5 Rxc5 18. Nb5 Bb8 19. Rfd1 Qe7 20. f3 Rfc8 21. Bd3 Rxc1 22. Rxc1 Rxc1+ {½-½ (22) Demuth,A (2538)-Libiszewski,F (2530) Palmerston North 2018}) 7. Be2 e6 8. Ne5 Bb4 (8... b4 $11) 9. O-O a5 $146 ({Predecessor:} 9... Bxc3 10. bxc3 Nd5 11. Qc2 a5 12. e4 Nb6 13. Ba3 Nxa4 14. Nxc4 bxc4 15. Qxa4 {1-0 (21) Biller,H (2088)-Kleist,W (1815) Sooden Allendorf 2015}) 10. Bf3 Ra7 11. e4 O-O 12. axb5 cxb5 13. Be3 Ra8 14. Bg5 Be7 15. Bxf6 gxf6 16. Nxd7 Qxd7 17. e5 Ra7 18. exf6 Bxf6 19. Be4 b4 20. Qh5 Rd8 21. Qxh7+ Kf8 22. Ne2 Bxd4 $16 (22... Nc6 $17 {keeps the pressure on.} 23. Rad1 Nxd4 24. Nxd4 Bxd4 25. Qh6+ Ke8) 23. Rad1 f5 24. Qh4 fxe4 25. Rxd4 Nc6 26. Rxd7 Raxd7 27. Qf6+ Rf7 28. Qxe6 Nd4 29. Qxc4 Rfd7 30. Nxd4 Rxd4 31. Qc5+ 1-0

[Event "46th OKU-B 2019"]
[Site "Utrecht"]
[Date "2019.06.02"]
[Round "5.3"]
[White "Scholten, Marcel"]
[Black "Krouwel, Robert"]
[Result "1/2-1/2"]
[ECO "A55"]
[WhiteElo "1747"]
[BlackElo "1841"]
[Annotator "NA"]
[PlyCount "74"]
[EventDate "2019.05.31"]
[EventType "swiss"]
[EventCountry "NED"]
[SourceTitle "playchess.com"]
[Source "ChessBase"]
[SourceQuality "1"]
[TimeControl "6600+10"]

1. d4 Nf6 2. Nf3 d6 3. c4 Nbd7 4. Nc3 e5 5. dxe5 dxe5 6. e4 (6. Qc2 $11) 6... c6 (6... Bb4 $15 7. Qc2 Bxc3+ 8. Qxc3 Nxe4) 7. Bg5 {[%emt 0:00:47] A55: Old Indian Defence with Nf3 and e4} Be7 8. Qc2 Qc7 9. g3 $146 ({Predecessor:} 9. Rc1 O-O 10. Be2 Re8 11. O-O Nf8 12. h3 Ne6 13. Be3 g6 14. Rfd1 Nh5 {0-1 (54) Rodriguez Sanchez,J (1604)-Martin Consuegra,B (1818) Collado Villalba 2017}) 9... Nf8 10. Bg2 Ng6 11. O-O O-O 12. Rfd1 Be6 13. b3 Rfd8 14. Na4 b6 15. Qe2 Rxd1+ 16. Rxd1 Rd8 17. Rxd8+ Qxd8 18. Nb2 h6 19. Bd2 Qd7 20. Nd3 Bg4 21. Bc3 Qc7 22. h3 Bxf3 23. Bxf3 Nd7 24. h4 Bd6 25. Bg4 Ngf8 26. Nb4 Nc5 27. Nc2 Nce6 28. Qd2 c5 29. Qd5 Nd4 30. Ne3 Nfe6 31. Qa8+ Qb8 32. Qxb8+ Bxb8 33. Nd5 Bd6 34. Bd2 Nc7 $14 35. f4 Nxd5 36. cxd5 f6 37. Kf2 Kf7 {[%emt 0:00:46] Ke2 [%emt 00:04:13]} 1/2-1/2

[Event "46th OKU-B 2019"]
[Site "Utrecht"]
[Date "2019.06.02"]
[Round "5.4"]
[White "Van Nie, Pjotr"]
[Black "Boittin, Pascal"]
[Result "1/2-1/2"]
[ECO "B13"]
[WhiteElo "1487"]
[BlackElo "1838"]
[Annotator "NA"]
[PlyCount "52"]
[EventDate "2019.05.31"]
[EventType "swiss"]
[EventCountry "NED"]
[SourceTitle "playchess.com"]
[Source "ChessBase"]
[SourceQuality "1"]
[TimeControl "6600+10"]

1. d4 (1. e4 c6 2. d4 d5 3. exd5 cxd5 4. Bd3 Nc6 5. c3 Nf6 6. Bf4 e6 7. Nf3 Bd6 8. Bxd6 Qxd6 9. O-O O-O {½-½ (10) Rasulov,V (2509)-Benidze,D (2476) Canakkale 2017}) 1... d5 2. Bf4 c5 3. c3 Nc6 4. e3 Nf6 5. Nf3 e6 6. Nbd2 cxd4 7. exd4 Bd6 8. Bxd6 Qxd6 9. Bd3 O-O 10. O-O e5 {[%emt 0:00:27] B13: Caro-Kann: Exchange Variation and Panov-Botvinnik Attack} 11. dxe5 Nxe5 12. Nxe5 Qxe5 13. Nf3 Qc7 14. Re1 Bg4 15. h3 Bh5 16. g4 $146 ({Predecessor:} 16. Be2 Bg6 17. Nd4 Rad8 18. Bd3 {0-1 (27) Silveira,C-Guisande,F (1903) Montevideo 2017}) 16... Bg6 17. Bxg6 hxg6 18. Qd4 b6 19. Re5 Rae8 20. Rae1 Rxe5 21. Rxe5 Rd8 22. Ng5 (22. g5 $14 Nh5 23. Qe3 (23. Rxd5 Rxd5 24. Qxd5 Nf4 $11)) 22... Qc4 23. Qxc4 dxc4 24. Re7 Rd7 25. Rxd7 Nxd7 26. Ne4 b5 $11 1/2-1/2